BLB
TORONTO CANADIANS @ DENVER BULLS
05/10/2060
 
TOP OF THE 1ST
Toronto Canadians batting - Pitching for Denver Bulls : RHP Joel Sawyer
Pitching: RHP Joel Sawyer
Batting: LHB Chase Calhoun 0-0: Ball
1-0: Called Strike
1-1: Ball
2-1: Foul Ball, location: 2F
2-2: Ball
3-2: Strikes out looking
Batting: RHB Olin Keele 0-0: Ball
1-0: Swinging Strike
1-1: Called Strike
1-2: Fly out, F7 (Line Drive, 7S, EV 108.8 MPH)
Batting: LHB Brian Wheat 0-0: Called Strike
0-1: Foul Ball, location: 2F
0-2: Strikes out swinging
Top of the 1st over - 0 runs, 0 hits, 0 errors, 0 left on base; Toronto 0 - Denver 0
BOTTOM OF THE 1ST
Denver Bulls batting - Pitching for Toronto Canadians : LHP Zane Hastings
Pitching: LHP Zane Hastings
Batting: RHB Dalton Brown 0-0: Ball
1-0: SINGLE (Line Drive, 8RS, EV 105.0 MPH)
Batting: RHB Liam Gill 0-0: Ball
1-0: Foul Ball, location: 2F
1-1: Ball
2-1: Fly out, F8 (Flyball, 8LM, EV 88.1 MPH)
Batting: RHB Chasson Egan 0-0: Ball
1-0: Called Strike
1-1: Ball
2-1: Ball
3-1: Called Strike
Pickoff Throw to First - Out! 1-3 CS
3-2: Strikes out swinging
Bottom of the 1st over - 0 runs, 1 hit, 0 errors, 0 left on base; Toronto 0 - Denver 0
TOP OF THE 2ND
Toronto Canadians batting - Pitching for Denver Bulls : RHP Joel Sawyer
Batting: LHB Evan Dollar 0-0: Ball
1-0: Swinging Strike
1-1: Ball
2-1: Ground out 6-3 (Groundball, 6M, EV 107.5 MPH)
Batting: LHB John McIntyre 0-0: Ball
1-0: Fly out, F7 (Flyball, 7, EV 79.4 MPH)
Batting: LHB Braden Tallman 0-0: Called Strike
0-1: Called Strike
0-2: Ball
1-2: Ball
2-2: Ball
3-2: Foul Ball, location: 2F
3-2: Base on Balls
Batting: RHB Manuel Zaragoza 0-0: Ball
1-0: Hit by Pitch
Braden Tallman to second
Batting: RHB Ian Seefeldt 0-0: Ball
1-0: Swinging Strike
1-1: Swinging Strike
1-2: Ball
2-2: Ball
3-2: Strikes out looking
Top of the 2nd over - 0 runs, 0 hits, 0 errors, 2 left on base; Toronto 0 - Denver 0
BOTTOM OF THE 2ND
Denver Bulls batting - Pitching for Toronto Canadians : LHP Zane Hastings
Batting: RHB Lambert Howard 0-0: SINGLE (Line Drive, 5D, EV 93.8 MPH)
Batting: LHB Vince Ridgway 0-0: SINGLE (Groundball, 4D, EV 104.4 MPH)
Lambert Howard to second
Runner from 2nd tries for 3rd, OUT! 8-5
Vince Ridgway to second
Batting: SHB Lindsay Einaudi 0-0: Ground out 4-3 (Groundball, 4, EV 82.5 MPH)
Vince Ridgway to third
Batting: SHB T.J. Carter 0-0: Swinging Strike
0-1: Ball
1-1: Ball
2-1: Foul Ball, location: 2F
2-2: Ground out 6-3 (Groundball, 6, EV 81.9 MPH)
Bottom of the 2nd over - 0 runs, 2 hits, 0 errors, 1 left on base; Toronto 0 - Denver 0
TOP OF THE 3RD
Toronto Canadians batting - Pitching for Denver Bulls : RHP Joel Sawyer
Batting: RHB Dave Babb 0-0: Ball
1-0: Ball
2-0: Ground out 6-3 (Groundball, 6, EV 88.1 MPH)
Batting: LHB Chase Calhoun 0-0: Ball
1-0: Called Strike
1-1: Ball
2-1: Foul Ball, location: 2F
2-2: Ball
3-2: Strikes out looking
Batting: RHB Olin Keele 0-0: Foul Ball, location: 2F
0-1: Ball
1-1: Foul Ball, location: 2F
1-2: SINGLE (Groundball, 4S, EV 95.6 MPH)
Batting: LHB Brian Wheat 0-0: Called Strike
0-1: Ball
1-1: Foul Ball, location: 2F
1-2: Foul Ball, location: 2F
1-2: Ball
2-2: Foul Ball, location: 2F
2-2: Ground out 6-3 (Groundball, 6S, EV 91.9 MPH)
Top of the 3rd over - 0 runs, 1 hit, 0 errors, 1 left on base; Toronto 0 - Denver 0
BOTTOM OF THE 3RD
Denver Bulls batting - Pitching for Toronto Canadians : LHP Zane Hastings
Batting: LHB Mandela Faruq 0-0: SINGLE (Groundball, 25, EV 64.4 MPH) (infield hit)
Batting: RHB Odell Mapute 0-0: Ball
1-0: Called Strike
1-1: Foul Ball, location: 2F
1-2: Ball
2-2: Grounds into double play, 6-4-3 (Groundball, 6, EV 80.0 MPH)
Batting: RHB Dalton Brown 0-0: Ball
1-0: Swinging Strike
1-1: Ball
2-1: Ball
3-1: Ground out 4-3 (Groundball, 4, EV 94.4 MPH)
Bottom of the 3rd over - 0 runs, 1 hit, 0 errors, 0 left on base; Toronto 0 - Denver 0
TOP OF THE 4TH
Toronto Canadians batting - Pitching for Denver Bulls : RHP Joel Sawyer
Batting: LHB Evan Dollar 0-0: Ball
1-0: Ball
2-0: Ball
3-0: Called Strike
3-1: Called Strike
3-2: Foul Ball, location: 2F
3-2: Strikes out swinging
Batting: LHB John McIntyre 0-0: Ball
1-0: Ball
2-0: Called Strike
2-1: Ball
3-1: Fly out, F7 (Flyball, 7D, EV 95.6 MPH)
Batting: LHB Braden Tallman 0-0: Called Strike
0-1: Ball
1-1: Ball
2-1: Ball
3-1: Base on Balls
Batting: RHB Manuel Zaragoza 0-0: Called Strike
0-1: Called Strike
0-2: Strikes out swinging
Top of the 4th over - 0 runs, 0 hits, 0 errors, 1 left on base; Toronto 0 - Denver 0
BOTTOM OF THE 4TH
Denver Bulls batting - Pitching for Toronto Canadians : LHP Zane Hastings
Batting: RHB Liam Gill 0-0: Ball
1-0: Fly out, F7 (Line Drive, 78M, EV 90.6 MPH)
Batting: RHB Chasson Egan 0-0: Ball
1-0: Foul Ball, location: 2F
1-1: Called Strike
1-2: Ball
2-2: SINGLE (Flyball, 6MD, EV 86.9 MPH) - OUT at second base trying to stretch hit.
Batting: RHB Lambert Howard 0-0: Called Strike
0-1: Ball
1-1: Ball
2-1: Called Strike
2-2: Fly out, F7 (Flyball, 78M, EV 87.5 MPH)
Bottom of the 4th over - 0 runs, 1 hit, 0 errors, 0 left on base; Toronto 0 - Denver 0
TOP OF THE 5TH
Toronto Canadians batting - Pitching for Denver Bulls : RHP Joel Sawyer
Batting: RHB Ian Seefeldt 0-0: Foul Ball, location: 2F
0-1: SOLO HOME RUN (Flyball, 7LD, EV 98.8 MPH), Distance : 381 ft
Batting: RHB Dave Babb 0-0: Ball
1-0: Ball
2-0: Foul Ball, location: 2F
2-1: Ball
3-1: Foul Ball, location: 2F
3-2: Strikes out looking
Pitching: RHP Bradly Renne
Batting: LHB Chase Calhoun 0-0: Ball
1-0: Called Strike
1-1: Called Strike
1-2: Strikes out looking
Batting: RHB Olin Keele 0-0: Foul Ball, location: 2F
0-1: SINGLE (Groundball, 34S, EV 68.8 MPH) (infield hit)
Batting: LHB Brian Wheat 0-0: Ball
1-0: Ball
2-0: 2-RUN HOME RUN (Flyball, 7LD, EV 103.1 MPH), Distance : 380 ft
Batting: LHB Evan Dollar 0-0: Called Strike
0-1: Swinging Strike
0-2: Ball
1-2: Foul Ball, location: 2F
1-2: DOUBLE (Groundball, 3L, EV 106.2 MPH)
Batting: LHB John McIntyre 0-0: Ball
1-0: Called Strike
1-1: Ground out U3 (Groundball, 3, EV 83.8 MPH)
Top of the 5th over - 3 runs, 4 hits, 0 errors, 1 left on base; Toronto 3 - Denver 0
BOTTOM OF THE 5TH
Denver Bulls batting - Pitching for Toronto Canadians : LHP Zane Hastings
Batting: LHB Vince Ridgway 0-0: Ball
1-0: Ball
2-0: Called Strike
2-1: Ball
3-1: SINGLE (Groundball, 13S, EV 66.9 MPH) (infield hit)
Batting: SHB Lindsay Einaudi 0-0: Ball
1-0: Foul Ball, location: 2F
1-1: Ball
2-1: Fly out, F8 (Flyball, 8LS, EV 81.2 MPH)
Batting: SHB T.J. Carter 0-0: Called Strike
0-1: Foul Ball, location: 2F
0-2: Strikes out swinging
Batting: LHB Mandela Faruq 0-0: Ball
1-0: Called Strike
1-1: Fielders Choice at 2nd, 5-4 (Groundball, 5L, EV 107.5 MPH)
Bottom of the 5th over - 0 runs, 1 hit, 0 errors, 1 left on base; Toronto 3 - Denver 0
TOP OF THE 6TH
Toronto Canadians batting - Pitching for Denver Bulls : RHP Bradly Renne
Batting: LHB Braden Tallman 0-0: Called Strike
0-1: Foul Ball, location: 2F
0-2: Strikes out swinging
Batting: RHB Manuel Zaragoza 0-0: Ball
1-0: Ball
2-0: Foul Ball, location: 2F
2-1: Ground out 6-3 (Groundball, 6, EV 99.4 MPH)
Batting: RHB Ian Seefeldt 0-0: Ball
1-0: Ball
2-0: Swinging Strike
2-1: Foul Ball, location: 2F
2-2: Strikes out looking
Top of the 6th over - 0 runs, 0 hits, 0 errors, 0 left on base; Toronto 3 - Denver 0
BOTTOM OF THE 6TH
Denver Bulls batting - Pitching for Toronto Canadians : LHP Zane Hastings
Batting: RHB Odell Mapute 0-0: Called Strike
0-1: Ball
1-1: Ball
2-1: Ball
3-1: Foul Ball, location: 2F
3-2: Strikes out swinging
Batting: RHB Dalton Brown 0-0: Ball
1-0: Swinging Strike
1-1: Ball
2-1: Called Strike
2-2: Strikes out looking
Batting: RHB Liam Gill 0-0: Ground out 6-3 (Groundball, 6, EV 98.8 MPH)
Bottom of the 6th over - 0 runs, 0 hits, 0 errors, 0 left on base; Toronto 3 - Denver 0
TOP OF THE 7TH
Toronto Canadians batting - Pitching for Denver Bulls : RHP Bradly Renne
Batting: RHB Dave Babb 0-0: Ball
1-0: Called Strike
1-1: Foul Ball, location: 2F
1-2: Strikes out swinging
Batting: LHB Chase Calhoun 0-0: Called Strike
0-1: Ball
1-1: Ball
2-1: Ball
3-1: Ground out 4-3 (Groundball, 4, EV 99.4 MPH)
Batting: RHB Olin Keele 0-0: Ball
1-0: Called Strike
1-1: Foul Ball, location: 2F
1-2: Strikes out swinging
Top of the 7th over - 0 runs, 0 hits, 0 errors, 0 left on base; Toronto 3 - Denver 0
BOTTOM OF THE 7TH
Denver Bulls batting - Pitching for Toronto Canadians : LHP Zane Hastings
Batting: RHB Chasson Egan 0-0: Ball
1-0: Called Strike
1-1: Ball
2-1: Called Strike
2-2: Strikes out swinging
Batting: RHB Lambert Howard 0-0: Called Strike
0-1: Swinging Strike
0-2: Ball
1-2: Fly out, F9 (Flyball, 9, EV 76.2 MPH)
Batting: LHB Vince Ridgway 0-0: Ground out 5-3 (Groundball, 56, EV 86.9 MPH)
Bottom of the 7th over - 0 runs, 0 hits, 0 errors, 0 left on base; Toronto 3 - Denver 0
TOP OF THE 8TH
Toronto Canadians batting - Pitching for Denver Bulls : RHP Bradly Renne
Batting: LHB Brian Wheat 0-0: Ball
1-0: Foul Ball, location: 2F
1-1: Ball
2-1: Ball
3-1: Called Strike
3-2: Foul Ball, location: 2F
3-2: Base on Balls
Batting: LHB Evan Dollar 0-0: Called Strike
Brian Wheat is caught stealing 2nd base 2-6
0-1: Ball
1-1: Ground out 6-3 (Groundball, 56D, EV 105.0 MPH)
Batting: LHB John McIntyre 0-0: Ball
1-0: Called Strike
1-1: Ball
2-1: Foul Ball, location: 2F
2-2: TRIPLE (Line Drive, 89XD, EV 104.4 MPH)
Pitching: RHP Eddie Bollenbach
Batting: LHB Braden Tallman 0-0: Foul Ball, location: 2F
0-1: Ground out 4-3 (Groundball, 4, EV 86.9 MPH)
Top of the 8th over - 0 runs, 1 hit, 0 errors, 1 left on base; Toronto 3 - Denver 0
BOTTOM OF THE 8TH
Denver Bulls batting - Pitching for Toronto Canadians : LHP Zane Hastings
Now at 1B: Dave Babb
Now at SS: Keon Pryor
Now in RF: Ryan De Faria
Batting: SHB Lindsay Einaudi 0-0: Ball
1-0: SINGLE (Line Drive, 7S, EV 97.5 MPH)
Batting: SHB T.J. Carter 0-0: Foul Ball, location: 2F
0-1: Swinging Strike
0-2: Ball
1-2: Ball
2-2: Foul Ball, location: 2F
2-2: Ball
3-2: Strikes out swinging
Batting: LHB Mandela Faruq 0-0: Called Strike
0-1: Called Strike
0-2: Ball
1-2: Foul Ball, location: 2F
1-2: Ball
2-2: Strikes out swinging
Batting: RHB Odell Mapute 0-0: Ball
1-0: Ball
2-0: Ball
3-0: Called Strike
3-1: Foul Ball, location: 2F
3-2: Base on Balls
Lindsay Einaudi to second
Batting: RHB Dalton Brown 0-0: Ball
1-0: Called Strike
1-1: Ball
2-1: Ball
3-1: Called Strike
3-2: Foul Ball, location: 2F
3-2: Foul Ball, location: 2F
3-2: DOUBLE (Line Drive, 8RXD, EV 111.2 MPH)
Lindsay Einaudi scores
Odell Mapute to third
Odell Mapute scores
Batting: RHB Liam Gill 0-0: Ball
1-0: DOUBLE (Line Drive, 7LS, EV 107.5 MPH)
Dalton Brown scores
Batting: RHB Chasson Egan 0-0: Called Strike
0-1: Called Strike
0-2: Ball
1-2: Ground out 6-3 (Groundball, 6, EV 79.4 MPH)
Bottom of the 8th over - 3 runs, 3 hits, 0 errors, 1 left on base; Toronto 3 - Denver 3
TOP OF THE 9TH
Toronto Canadians batting - Pitching for Denver Bulls : RHP Eddie Bollenbach
Batting: LHB Kelvin Kenney 0-0: Ball
1-0: Ball
2-0: DOUBLE (Groundball, 3L, EV 106.2 MPH)
Pinch Hitting: LHB Romeo Nester 0-0: Intentional Walk
Batting: RHB Dave Babb 0-0: Sac Bunt to 15 - play at first, batter OUT! 1-4
Kelvin Kenney to third
Romeo Nester to second
Batting: LHB Chase Calhoun 0-0: Intentional Walk
Batting: RHB Olin Keele 0-0: Foul Ball, location: 2F
0-1: Foul Ball, location: 2F
0-2: Ball
1-2: Strikes out swinging
Batting: LHB Brian Wheat 0-0: Foul Ball, location: 2F
0-1: Foul Ball, location: 2F
0-2: Ball
1-2: Strikes out swinging
Top of the 9th over - 0 runs, 1 hit, 0 errors, 3 left on base; Toronto 3 - Denver 3
BOTTOM OF THE 9TH
Denver Bulls batting - Pitching for Toronto Canadians : LHP Zane Hastings
Now at C: Dave Root
Batting: RHB Lambert Howard 0-0: Called Strike
0-1: Ball
1-1: Swinging Strike
1-2: Ball
2-2: Foul Ball, location: 2F
2-2: DOUBLE (Flyball, 78D, EV 91.9 MPH)
Pitching: RHP Donavon Anway
Batting: LHB Vince Ridgway 0-0: Ball
1-0: Foul Ball, location: 2F
1-1: Swinging Strike
1-2: Ball
2-2: Ball
3-2: Fly out, F7 (Flyball, 7D, EV 96.2 MPH)
Runner from 2nd tags up, SAFE at 3rd with throw by LF
Pinch Hitting: LHB Michael Hughes 0-0: Intentional Walk
Batting: SHB T.J. Carter 0-0: Called Strike
0-1: Ball
Michael Hughes steals 2nd base (no throw)
1-1: Ball
2-1: Called Strike
2-2: Foul Ball, location: 2F
2-2: SINGLE (Groundball, 34D, EV 105.6 MPH)
Lambert Howard scores
Bottom of the 9th over - 1 run, 2 hits, 0 errors, 2 left on base; Toronto 3 - Denver 4
Monday, April 29th , 2024 - OOTP Baseball 23.10 Build 110